 Dungeon Crawl Stone Soup version 0.21.1-1-g345015f (webtiles) character file.

304 tidbits the Charmwright (level 6, 0/50 HPs)
             Began as a Gnoll Skald on June 20, 2018.
             Slain by an orc wizard
             ... wielding a +0 rapier
              (1 damage)
             ... on level 4 of the Dungeon.
             The game lasted 00:04:06 (418 turns).

tidbits the Charmwright (Gnoll Skald)                Turns: 418, Time: 00:04:07

Health: 0/50       AC:  3    Str: 13    XL:     6   Next: 38%
Magic:  2/14       EV: 14    Int: 17    God:
Gold:   55         SH:  0    Dex: 15    Spells: 4/15 levels left

rFire    + . .     SeeInvis .   a - +2 hand axe (flame)
rCold    . . .     Gourm    .   (no shield)
rNeg     . . .     Faith    .   b - +0 leather armour
rPois    .         Spirit   .   (no helmet)
rElec    .         Reflect  .   (no cloak)
rCorr    .         Harm     .   (no gloves)
MR       .....                  (no boots)
Stlth    ++........             (no amulet)
HPRegen  0.16/turn              m - ring of protection from fire
MPRegen  0.14/turn              (no ring)

@: singing, slowed, very slow
A: distributed training, fangs 1, strong nose
a: no special abilities


You were on level 4 of the Dungeon.
You were not hungry.

You visited 1 branch of the dungeon, and saw 4 of its levels.

You collected 55 gold pieces.

Inventory:

Hand Weapons
 a - a +2 hand axe of flaming (weapon)
   (You found it on level 2 of the Dungeon)
 e - a +0 short sword
 i - a +0 hand axe
 n - a +0 hunting sling
 r - a +0 flail
 t - a +0 war axe
Missiles
 h - a throwing net (quivered) {!f}
 o - 14 stones
Armour
 b - a +0 leather armour (worn)
 s - a +1 scale mail of cold resistance
   (You took it off an orc on level 4 of the Dungeon)
Jewellery
 m - a ring of protection from fire (left hand)
   (You found it on level 2 of the Dungeon)
Scrolls
 f - a scroll of amnesia {unknown}
 j - 2 scrolls of remove curse {unknown}
 k - 2 scrolls of enchant weapon {unknown}
 l - a scroll of magic mapping {unknown}
 p - a scroll of immolation {unknown}
 q - a scroll of fear {unknown}
Potions
 g - a potion of curing
Books
 c - a book of Battle

   Spells                             Type                      Level
   a - Infusion                       Charms                       1
   b - Shroud of Golubria             Charms/Translocation         2
   c - Song of Slaying                Charms                       2
   d - Spectral Weapon                Hexes/Charms                 3
   e - Regeneration                   Charms/Necromancy            3
Comestibles
 d - 4 rations


   Skills:
 + Level 4.9 Fighting
 + Level 1.9 Short Blades
 + Level 1.9 Long Blades
 + Level 4.9 Axes
 + Level 1.9 Maces & Flails
 + Level 1.9 Polearms
 + Level 1.9 Staves
 + Level 1.9 Slings
 + Level 1.9 Bows
 + Level 1.9 Crossbows
 + Level 1.9 Throwing
 + Level 3.2 Armour
 + Level 4.9 Dodging
 + Level 1.9 Stealth
 + Level 1.9 Shields
 + Level 1.9 Unarmed Combat
 + Level 5.3 Spellcasting
 + Level 1.5 Conjurations
 + Level 1.5 Hexes
 + Level 5.6 Charms
 + Level 1.5 Summonings
 + Level 1.5 Necromancy
 + Level 1.5 Translocations
 + Level 1.5 Transmutations
 + Level 1.5 Fire Magic
 + Level 1.5 Ice Magic
 + Level 1.5 Air Magic
 + Level 1.5 Earth Magic
 + Level 1.5 Poison Magic
 + Level 2.1 Invocations
 + Level 1.9 Evocations


You had 4 spell levels left.
You knew the following spells:

 Your Spells              Type           Power        Failure   Level  Hunger
g - Shroud of Golubria    Chrm/Tloc      ###.......   6%          2    #......
i - Infusion              Chrm           ###.         1%          1    None
r - Regeneration          Chrm/Necr      ###.......   12%         3    ##.....
w - Spectral Weapon       Hex/Chrm       ###.....     12%         3    ##.....
y - Song of Slaying       Chrm           ###.....     2%          2    #......


Dungeon Overview and Level Annotations

Branches:
Dungeon (4/15)
 Temple: D:4-7

Altars:
Kikubaaqudgha
Makhleb


Innate Abilities, Weirdness & Mutations

Your experience applies equally to all skills.
You have very sharp teeth.
Your uncanny sense of smell can sniff out nearby items.


Message History

The orc wizard blinks!
Unknown command.
t - a war axe You hear a shout!
An orc comes into view.
The orc wizard gestures at you while chanting.
The magic dart hits you!
An orc priest comes into view. It is wielding a mace.
Items here: ) [ †† a dagger; a robe; an adder corpse; an orc corpse A quokka, an orc and an orc priest come into view.
The orc priest shouts!
The orc wizard gestures at you while chanting.
You feel yourself slow down. The orc wizard casts a spell at you.
You resist with some effort.
Unknown command.
You slash the orc priest! You burn the orc priest.
The orc priest is almost dead.
You hear a shout! x2
Your spectral weapon hits the orc priest.
Your spectral weapon burns the orc priest.
You kill the orc priest!
The orc wizard casts a spell at you.
You feel as though you will be slow longer.
The orc wizard casts a spell.
The orc wizard blinks!
An orc comes into view. It is wielding a mace.
You slash the orc wizard! You burn the orc wizard.
The orc wizard is severely wounded.
You barely miss the orc.
Your song has ended.
You hear a shout! x2
Your spectral weapon closely misses the orc wizard.
The orc wizard casts a spell at you. The magic dart hits you!
The orc wizard misses you. The orc hits you with a morningstar.
The orc wizard mumbles some strange words.
The orc wizard blinks!
The orc priest calls upon Beogh to heal the orc wizard.
The orc wizard is healed somewhat. 2 orcs and an ogre come into view.
Casting: Spectral Weapon
Confirm with . or Enter, or press ? or * to list all spells.
You start singing a song of slaying.
You hear a shout!
The orc wizard closely misses you.
The orc barely misses your spectral weapon.
The orc wizard hits you but does no damage.
The orc barely misses your spectral weapon.
The orc wizard barely misses you. The orc barely misses you.
An orc comes into view. It is wielding a flail.
You barely miss the orc wizard.
The orc wizard is heavily wounded.
You hit the orc. You burn the orc. You barely miss the orc.
You closely miss the orc.
Your spectral weapon hits the orc wizard.
Your spectral weapon burns the orc wizard.
Your spectral weapon barely misses the orc.
The orc misses you.
The orc wizard hits you but does no damage.
The orc hits your spectral weapon with a club.
Your spectral weapon shares its damage with you!
The orc wizard points at you and mumbles some strange words.
The magic dart hits you! The orc hits you. The orc closely misses you.
The orc priest looks encouraged for a moment.
Unknown command.
You feel better. The orc wizard closely misses you.
The orc completely misses your spectral weapon.
The orc wizard casts a spell at you. You resist with some effort.
The orc hits you with a morningstar. The orc hits you with a club.
The orc wizard barely misses you.
You completely miss the orc wizard.
The orc wizard is severely wounded.
You hit the orc. You burn the orc.
You kill the orc!
You hit the orc. You burn the orc. You closely miss the orc wizard.
Your spectral weapon closely misses the orc wizard.
The orc wizard closely misses you. The orc wizard casts a spell at you.
The magic dart hits you!
* * * LOW HITPOINT WARNING * * *
The orc priest invokes the aid of Beogh against you.
Beogh smites you!
* * * LOW HITPOINT WARNING * * *
The orc wizard points at you and mumbles some strange words.
The magic dart hits you!
* * * LOW HITPOINT WARNING * * *
The orc hits your spectral weapon with a flail!
Your spectral weapon shares its damage with you!
* * * LOW HITPOINT WARNING * * *
The orc priest looks satisfied for a moment.
The orc barely misses you.
Unknown command.
You slash the orc wizard! You burn the orc wizard.
You kill the orc wizard!
You hit the orc but do no damage. You hit the orc wizard.
You burn the orc wizard. You closely miss the orc.
The orc wizard hits you with a rapier.
You die... ............## ............. ...!......# # .o.......#.# oOoo.......

#oroo....# ######o)o##...#
......(@o...#
..######))#..#
........))...###
#.######.†.......
.....#...#.####.
#....)............
######............#.#####
.....#.........##...#
.........#####......######


You could see an ogre, 2 orc priests, an orc wizard, 7 orcs, a quokka and a
friendly spectral hand axe of flaming.

Vanquished Creatures
  A phantom (D:4)
  2 orc priests (D:4)
  A worker ant (D:4)
  3 orc wizards (D:4)
  2 adders
  A worm (D:2)
  A leopard gecko (D:1)
  5 orcs (D:4)
  A ball python (D:3)
  2 giant cockroaches (D:1)
  A goblin (D:2)
  4 jackals (D:3)
  A quokka (D:3)
  A bat (D:2)
  2 kobolds (D:1)
  4 rats
32 creatures vanquished.

Notes
Turn   | Place    | Note
-------+----------+-------------------------------------------
     0 | D:1      | tidbits the Gnoll Skald began the quest for the Orb.
     0 | D:1      | Reached XP level 1. HP: 20/20 MP: 6/6
    55 | D:1      | Reached XP level 2. HP: 16/26 MP: 0/7
   157 | D:2      | Found a burning altar of Makhleb.
   172 | D:2      | Found an ancient bone altar of Kikubaaqudgha.
   205 | D:2      | Reached XP level 3. HP: 31/31 MP: 6/9
   210 | D:2      | Learned a level 3 spell: Regeneration
   214 | D:2      | Learned a level 3 spell: Spectral Weapon
   217 | D:2      | Learned a level 2 spell: Song of Slaying
   220 | D:2      | Learned a level 2 spell: Shroud of Golubria
   266 | D:3      | Reached skill level 5 in Spellcasting
   363 | D:4      | Noticed a phantom
   372 | D:4      | Killed a phantom
   372 | D:4      | Reached skill level 1 in Short Blades
   372 | D:4      | Reached skill level 1 in Long Blades
   372 | D:4      | Reached skill level 1 in Maces & Flails
   372 | D:4      | Reached skill level 1 in Polearms
   372 | D:4      | Reached skill level 1 in Staves
   372 | D:4      | Reached skill level 1 in Slings
   372 | D:4      | Reached skill level 1 in Bows
   372 | D:4      | Reached skill level 1 in Crossbows
   372 | D:4      | Reached skill level 1 in Throwing
   372 | D:4      | Reached skill level 1 in Stealth
   372 | D:4      | Reached skill level 1 in Shields
   372 | D:4      | Reached skill level 1 in Unarmed Combat
   372 | D:4      | Reached skill level 1 in Conjurations
   372 | D:4      | Reached skill level 1 in Hexes
   372 | D:4      | Reached skill level 1 in Summonings
   372 | D:4      | Reached skill level 1 in Necromancy
   372 | D:4      | Reached skill level 1 in Translocations
   372 | D:4      | Reached skill level 1 in Transmutations
   372 | D:4      | Reached skill level 1 in Fire Magic
   372 | D:4      | Reached skill level 1 in Ice Magic
   372 | D:4      | Reached skill level 1 in Air Magic
   372 | D:4      | Reached skill level 1 in Earth Magic
   372 | D:4      | Reached skill level 1 in Poison Magic
   372 | D:4      | Reached skill level 1 in Invocations
   372 | D:4      | Reached skill level 1 in Evocations
   372 | D:4      | Reached XP level 4. HP: 33/38 MP: 7/11
   372 | D:4      | Reached XP level 5. HP: 37/43 MP: 7/12
   396 | D:4      | Reached skill level 3 in Armour
   400 | D:4      | Reached XP level 6. HP: 49/50 MP: 4/13
   401 | D:4      | Reached skill level 2 in Invocations
   417 | D:4      | HP: 3/50 [orc wizard/magic dart (7)]
   417 | D:4      | HP: 1/50 [orc/flail (2)]
   418 | D:4      | Slain by an orc wizard

Skill      XL: |  1  2  3  4  5  6 |
---------------+-------------------+-----
Spellcasting   | 5 |  5.3
Short Blades   | 1 |  1.9
Long Blades    | 1 |  1.9
Maces & Flails | 1 |  1.9
Polearms       | 1 |  1.9
Staves         | 1 |  1.9
Slings         | 1 |  1.9
Bows           | 1 |  1.9
Crossbows      | 1 |  1.9
Throwing       | 1 |  1.9
Stealth        | 1 |  1.9
Shields        | 1 |  1.9
Unarmed Combat | 1 |  1.9
Conjurations   | 1 |  1.5
Hexes          | 1 |  1.5
Summonings     | 1 |  1.5
Necromancy     | 1 |  1.5
Translocations | 1 |  1.5
Transmutations | 1 |  1.5
Fire Magic     | 1 |  1.5
Ice Magic      | 1 |  1.5
Air Magic      | 1 |  1.5
Earth Magic    | 1 |  1.5
Poison Magic   | 1 |  1.5
Invocations    | 1 2 |  2.1
Evocations     | 1 |  1.9
Armour         | 3 |  3.2
Fighting       | |  4.9
Axes           | |  4.9
Dodging        | |  4.9
Charms         | |  5.6

Action                   |  1- 3 |  4- 6 || total
-------------------------+-------+-------++-------
Melee: Hand axe          |    42 |    16 ||    58
       Bite              |     3 |     1 ||     4
 Cast: Infusion          |     6 |       ||     6
       Spectral Weapon   |     2 |     2 ||     4
       Song of Slaying   |     1 |     2 ||     3
       Shroud of Golubri |       |     1 ||     1
  Use: Potion            |       |     2 ||     2
Armor: Leather armour    |     3 |     4 ||     7
Dodge: Dodged            |    27 |    19 ||    46

Table legend:
 A = Turns spent in this place as a percentage of turns spent in the entire game.
 B = Non-inter-level travel turns spent in this place as a percentage of non-inter-level travel turns spent in the entire game.
 C = Inter-level travel turns spent in this place as a percentage of turns spent in this place.
 D = Turns resting spent in this place as a percentage of non-inter-level travel turns spent in this place.
 E = Turns spent auto-exploring this place as a percentage of non-inter-level travel turns spent in this place.
 F = Non-inter-level travel turns spent in this place divided by the number of levels of this place that you've seen.
                   A       B       C       D       E      F
               +-------+-------+-------+-------+-------+----------------------
         Total | 100.0 | 100.0 |   0.0 |   0.0 |   0.0 | 104.5
       Dungeon | 100.0 | 100.0 |   0.0 |   0.0 |   0.0 | 104.5
               +-------+-------+-------+-------+-------+----------------------

Table legend:
 A = Kills in this place as a percentage of kills in entire the game.
 B = Kills by you in this place as a percentage of kills by you in the entire game.
 C = Kills by friends in this place as a percentage of kills by friends in the entire game.
 D = Other kills in this place as a percentage of other kills in the entire game.
 E = Experience gained in this place as a percentage of experience gained in the entire game.
 F = Experience gained in this place divided by the number of levels of this place that you have seen.
                   A       B       C       D       E      F
               +-------+-------+-------+-------+-------+----------------------
         Total | 100.0 | 100.0 |   N/A |   N/A | 100.0 | 108.8
       Dungeon | 100.0 | 100.0 |   N/A |   N/A | 100.0 | 108.8
               +-------+-------+-------+-------+-------+----------------------

Vault maps used:
D:1:      tarquinn_simple_flora_water_e
D:2:      kiku_gazebo_garden_becter, gammafunk_temple_overflow_arena,
          lemuel_doored_altar, chequers_ecumenical_altar_island, uniq_jessica
D:3:      old_standard_altar
D:4:      lemuel_crystal_altar, first_ration, trog_butcher_becter, uniq_ijyb
